Sarnia Sailors vs Toronto St Pats

Created - Sunday, December 7, 2025 at 08:46

Goals
1 2 3 OT1 T
Sarnia Sailors 2 0 1 0 3
Toronto St Pats 2 1 0 1 4
Shots
1 2 3 OT1 T
Sarnia Sailors 14 8 15 0 37
Toronto St Pats 11 18 10 1 40

1st period

1. Sarnia Sailors , Rory Kerins 5 (Zachary L'Heureux 3) at 1:47
2. Toronto St Pats , Ville Koivunen 5 (Kyle MacLean 8) at 3:52
3. Sarnia Sailors , Arthur Kaliyev 11 (Cole Reinhardt 3, Nathan Gaucher 2) at 11:30
4. Toronto St Pats , Kyle MacLean 8 (Ville Koivunen 8, Austin Watson 4) at 17:13

Penalties :
Austin Watson (TSP) for Fighting (Major) at 5:13, Rory Kerins (SAR) for Fighting (Major) at 5:13, Austin Watson (TSP) for Roughing (Minor) at 11:33, Aleksanteri Kaskimaki (TSP) for Fighting (Major) at 18:03, Nate Danielson (SAR) for Fighting (Major) at 18:03

2nd period

5. Toronto St Pats , John Farinacci 4 (Bogdan Trineyev 3, Joni Jurmo 1) at 9:34

Penalties :
Austin Watson (TSP) for Hooking (Minor) at 0:57, Jesse Puljujarvi (SAR) for Tripping (Minor) at 12:13, Tyson Hinds (SAR) for Slashing (Double Minor) at 15:43

3rd period

6. Sarnia Sailors , Arthur Kaliyev 12 (Landon Slaggert 3, Declan Chisholm 5) at 19:46

Penalties :
Jonah Gadjovich (TSP) for Fighting (Major) at 2:48, Zachary L'Heureux (SAR) for Fighting (Major) at 2:48, Jeremie Poirier (SAR) for Tripping (Minor) at 5:04, Landon Slaggert (SAR) for Roughing (Minor) at 15:31

Overtime #1

7. Toronto St Pats , Kyle MacLean 9 (Ville Koivunen 9, Scott Perunovich 10) at 0:10

Penalties :
No Penalty

Goalie Stats

Sebastian Cossa (SAR), 36 saves from 40 shots - (0.900), OTL, 6-3-2, 59:26 minutes
Ben Kraws (TSP), 34 saves from 37 shots - (0.919), W, 1-0-0, 60:10 minutes

Players Stats for Sarnia Sailors

Player Name              G  A  P  +/- PIM S  H  SB GA TA FO     MP     PP MP  PK MP  
------------------------------------------------------------------------------------
                         0  0  0   0  0   0  0  0  0  0  0/0     0:00   0:00   0:00 
Adam Ginning             0  0  0   0  0   0  1  0  1  3  0/0    20:00   1:43   4:15 
Arthur Kaliyev           2  0  2   0  0   10 1  2  0  0  0/0    17:45   2:09   0:00 
Brad Lambert             0  0  0   0  0   3  1  1  2  1  12/30  18:44   2:09   0:59 
Cole Reinhardt           0  1  1  -1  0   0  1  0  1  1  0/0    10:18   0:00   1:53 
Declan Chisholm          0  1  1  -1  0   7  0  4  1  3  0/0    27:41   2:15   5:11 
Jack Rathbone            0  0  0   0  0   0  1  0  0  0  0/0    13:40   0:00   1:26 
Jeremie Poirier          0  0  0   0  2   1  2  1  0  2  0/0    13:36   0:00   1:10 
Jesse Puljujarvi         0  0  0   0  2   3  2  0  1  0  0/1    15:09   1:45   0:00 
Landon Slaggert          0  1  1   1  2   1  3  0  0  0  0/1    13:29   0:07   2:36 
Logan Morrison           0  0  0   0  0   4  3  0  2  0  5/8    15:46   0:00   3:32 
Nate Danielson           0  0  0  -1  5   1  2  1  0  1  0/0    14:41   1:05   0:00 
Nathan Gaucher           0  1  1  -1  0   1  1  1  0  0  1/2     8:52   0:57   0:00 
Nikolas Matinpalo        0  0  0  -1  0   1  2  1  0  3  0/0    26:13   2:15   5:11 
Rory Kerins              1  0  1   0  5   3  1  1  0  0  11/19  18:24   1:42   5:25 
Skyler Brind'Amour       0  0  0   0  0   0  1  0  0  2  1/1    13:56   0:00   5:22 
Tristen Nielsen          0  0  0  -1  0   0  2  0  0  0  0/0     8:19   0:18   0:00 
Tyson Hinds              0  0  0   0  4   0  2  0  0  0  0/0    19:53   1:43   2:39 
Zachary L'Heureux        0  1  1   0  5   2  0  0  0  0  1/1    14:21   1:42   0:05 

Players Stats for Toronto St Pats

Player Name              G  A  P  +/- PIM S  H  SB GA TA FO     MP     PP MP  PK MP  
------------------------------------------------------------------------------------
                         0  0  0   0  0   0  0  0  0  0  0/0     0:00   0:00   0:00 
Aleksanteri Kaskimaki    0  0  0  -1  5   0  1  1  2  1  9/20   16:11   4:26   0:00 
Austin Watson            0  1  1   2  9   3  3  1  0  0  2/3    17:06   4:29   0:00 
Bogdan Trineyev          0  1  1   0  0   1  0  0  0  0  0/0    11:47   0:17   0:00 
Brendan Brisson          0  0  0   0  0   3  3  0  1  2  0/0    10:18   0:46   0:58 
Brett Berard             0  0  0  -1  0   5  2  0  0  0  1/1    19:06   4:33   1:46 
Cole McWard              0  0  0  -1  0   1  0  1  0  1  0/0    21:03   4:40   1:48 
Cole Schwindt            0  0  0  -1  0   2  1  0  3  0  0/0    17:11   4:33   0:00 
Elias Salomonsson        0  0  0  -1  0   1  0  2  0  0  0/0    21:03   4:40   1:48 
Jacob Moverare           0  0  0   1  0   5  3  0  2  0  0/0    25:43   4:43   2:10 
Jakub Dvorak             0  0  0   1  0   2  1  0  0  1  0/0    13:24   0:33   0:00 
John Farinacci           1  0  1   0  0   2  0  0  0  1  6/10   13:55   0:47   0:00 
Jonah Gadjovich          0  0  0   0  5   0  2  0  1  1  1/1    11:55   0:00   1:17 
Joni Jurmo               0  1  1   1  0   1  0  0  0  0  0/0    13:24   0:33   0:00 
Kyle MacLean             2  1  3   2  0   6  2  2  0  1  12/25  19:42   4:25   1:42 
Nico Myatovic            0  0  0   0  0   0  0  0  0  0  0/0     8:05   0:08   0:00 
Scott Perunovich         0  1  1   1  0   3  0  1  3  0  0/0    25:43   4:43   2:10 
Ty Mueller               0  0  0   0  0   2  1  1  2  0  1/2    10:55   0:48   0:27 
Ville Koivunen           1  2  3   2  0   3  3  1  2  0  0/1    20:16   4:36   1:46 

3 Stars

1 - Kyle MacLean (TSP)
2 - Ville Koivunen (TSP)
3 - Arthur Kaliyev (SAR)

Power Play

Sarnia Sailors - 0 on 2 Attempt(s) - 0.00%
Toronto St Pats - 0 on 5 Attempt(s) - 0.00%

Penalty Kill

Sarnia Sailors - 5 on 5 Attempt(s) - 100.00% - Score 0 goal in Penalty Kill
Toronto St Pats - 2 on 2 Attempt(s) - 100.00% - Score 0 goal in Penalty Kill

Team Stat

Sarnia Sailors - Hits : 26 - Faceoff Wins : 31 - Blocked Shots : 12 - Penalty Minutes : 25
Toronto St Pats - Hits : 22 - Faceoff Wins : 32 - Blocked Shots : 10 - Penalty Minutes : 19

Official

Referees : Conor O'Donnell and Justin Kea
Linesman : Dan Kelly and CJ Murray

Game Notes

Austin Watson and Rory Kerins fight to a draw at 5:13 of 1st period
Aleksanteri Kaskimaki and Nate Danielson fight to a draw at 18:03 of 1st period
Jonah Gadjovich and Zachary L'Heureux fight to a draw at 2:48 of 3rd period

Sarnia Sailors

5 vs 5 Forward 
   Center                   Left Wing                Right Wing               Time % Phy DF OF 
 1 Brad Lambert             Nate Danielson           Arthur Kaliyev           40     2   1  2  
 2 Rory Kerins              Zachary L'Heureux        Jesse Puljujarvi         30     2   1  2  
 3 Logan Morrison           Skyler Brind'Amour       Landon Slaggert          20     1   2  2  
 4 Nathan Gaucher           Tristen Nielsen          Cole Reinhardt           10     2   1  2  

5 vs 5 Defense 
   Defense                  Defense                                           Time % Phy DF OF 
 1 Nikolas Matinpalo        Declan Chisholm                                   40     1   2  2  
 2 Tyson Hinds              Adam Ginning                                      30     2   1  2  
 3 Jack Rathbone            Jeremie Poirier                                   20     2   2  1  
 4 Tyson Hinds              Declan Chisholm                                   10     1   2  2  

PowerPlay Forward 
   Center                   Left Wing                Right Wing               Time % Phy DF OF 
 1 Brad Lambert             Nate Danielson           Arthur Kaliyev           60     0   1  4  
 2 Rory Kerins              Zachary L'Heureux        Jesse Puljujarvi         40     0   1  4  

PowerPlay Defense
   Defense                  Defense                                           Time % Phy DF OF 
 1 Nikolas Matinpalo        Declan Chisholm                                   60     1   1  3  
 2 Tyson Hinds              Adam Ginning                                      40     2   1  2  

Penalty Kill 4 Players Forward 
   Center                   Wing                     Time % Phy DF OF 
 1 Rory Kerins              Skyler Brind'Amour       60     2   2  1  
 2 Logan Morrison           Landon Slaggert          40     2   2  1  

Penalty Kill 4 Players Defense
   Defense                  Defense                  Time % Phy DF OF 
 1 Nikolas Matinpalo        Declan Chisholm          60     2   1  2  
 2 Tyson Hinds              Adam Ginning             40     2   2  1  

Penalty Kill - 3 Players Forward 
   Forward                                           Time % Phy DF OF 
 1 Rory Kerins                                       60     2   2  1  
 2 Zachary L'Heureux                                 40     2   2  1  

Penalty Kill - 3 Players Defense
   Defense                  Defense                  Time % Phy DF OF 
 1 Nikolas Matinpalo        Declan Chisholm          60     2   1  2  
 2 Tyson Hinds              Adam Ginning             40     2   2  1  

4 vs 4 Forward 
   Center                   Wing                     Time % Phy DF OF 
 1 Brad Lambert             Nate Danielson           60     2   1  2  
 2 Rory Kerins              Zachary L'Heureux        40     2   1  2  

4 vs 4 Defense
   Defense                  Defense                  Time % Phy DF OF 
 1 Nikolas Matinpalo        Declan Chisholm          60     1   2  2  
 2 Tyson Hinds              Adam Ginning             40     2   1  2  

Last Minutes Offensive
   Center                   Left Wing                Right Wing               Defense                  Defense                  
   Brad Lambert             Zachary L'Heureux        Arthur Kaliyev           Nikolas Matinpalo        Declan Chisholm          

Last Minutes Defensive
   Center                   Left Wing                Right Wing               Defense                  Defense                  
   Brad Lambert             Zachary L'Heureux        Arthur Kaliyev           Nikolas Matinpalo        Declan Chisholm          

Goaltenders
Starting : Sebastian Cossa          
Backup : Remi Poirier             

Extra Forwards
Normal : Logan Morrison, Landon Slaggert, Cole Reinhardt - PP : Nathan Gaucher, Tristen Nielsen - PK : Logan Morrison
Extra Defensemen
Normal : Jack Rathbone, Jeremie Poirier, Tyson Hinds - PP : Jack Rathbone - PK : Jack Rathbone, Jeremie Poirier
Penalty Shots
Brad Lambert, Nate Danielson, Arthur Kaliyev, Jesse Puljujarvi, Rory Kerins

Scratches
Samuel Walker (Healthy), Tyler Boucher (Healthy), Lucas Edmonds (Healthy), Jordan Dumais (Healthy), Ethan Edwards (Healthy)
Dylan Ferguson (Healthy)

Toronto St Pats

5 vs 5 Forward 
   Center                   Left Wing                Right Wing               Time % Phy DF OF 
 1 Kyle MacLean             Austin Watson            Ville Koivunen           30     1   2  2  
 2 Aleksanteri Kaskimaki    Brett Berard             Cole Schwindt            30     1   2  2  
 3 John Farinacci           Jonah Gadjovich          Bogdan Trineyev          25     1   2  2  
 4 Ty Mueller               Nico Myatovic            Brendan Brisson          15     1   2  2  

5 vs 5 Defense 
   Defense                  Defense                                           Time % Phy DF OF 
 1 Scott Perunovich         Jacob Moverare                                    30     1   2  2  
 2 Cole McWard              Elias Salomonsson                                 30     1   2  2  
 3 Jakub Dvorak             Joni Jurmo                                        25     1   2  2  
 4 Scott Perunovich         Jacob Moverare                                    15     1   2  2  

PowerPlay Forward 
   Center                   Left Wing                Right Wing               Time % Phy DF OF 
 1 Kyle MacLean             Austin Watson            Ville Koivunen           50     1   2  2  
 2 Aleksanteri Kaskimaki    Brett Berard             Cole Schwindt            50     1   2  2  

PowerPlay Defense
   Defense                  Defense                                           Time % Phy DF OF 
 1 Scott Perunovich         Jacob Moverare                                    50     1   2  2  
 2 Cole McWard              Elias Salomonsson                                 50     1   2  2  

Penalty Kill 4 Players Forward 
   Center                   Wing                     Time % Phy DF OF 
 1 Kyle MacLean             Austin Watson            50     1   2  2  
 2 Brett Berard             Ville Koivunen           50     1   2  2  

Penalty Kill 4 Players Defense
   Defense                  Defense                  Time % Phy DF OF 
 1 Scott Perunovich         Jacob Moverare           50     1   2  2  
 2 Cole McWard              Elias Salomonsson        50     1   2  2  

Penalty Kill - 3 Players Forward 
   Forward                                           Time % Phy DF OF 
 1 Kyle MacLean                                      50     1   2  2  
 2 Austin Watson                                     50     1   2  2  

Penalty Kill - 3 Players Defense
   Defense                  Defense                  Time % Phy DF OF 
 1 Scott Perunovich         Jacob Moverare           50     1   2  2  
 2 Cole McWard              Elias Salomonsson        50     1   2  2  

4 vs 4 Forward 
   Center                   Wing                     Time % Phy DF OF 
 1 Kyle MacLean             Austin Watson            50     1   2  2  
 2 Brett Berard             Ville Koivunen           50     1   2  2  

4 vs 4 Defense
   Defense                  Defense                  Time % Phy DF OF 
 1 Scott Perunovich         Jacob Moverare           50     1   2  2  
 2 Cole McWard              Elias Salomonsson        50     1   2  2  

Last Minutes Offensive
   Center                   Left Wing                Right Wing               Defense                  Defense                  
   Kyle MacLean             Austin Watson            Ville Koivunen           Scott Perunovich         Jacob Moverare           

Last Minutes Defensive
   Center                   Left Wing                Right Wing               Defense                  Defense                  
   Kyle MacLean             Austin Watson            Ville Koivunen           Scott Perunovich         Jacob Moverare           

Goaltenders
Starting : Ben Kraws                
Backup : Matt Murray              

Extra Forwards
Normal : John Farinacci, Ty Mueller, Jonah Gadjovich - PP : John Farinacci, Ty Mueller - PK : Jonah Gadjovich
Extra Defensemen
Normal : Jakub Dvorak, Joni Jurmo, Cole McWard - PP : Jakub Dvorak - PK : Joni Jurmo, Cole McWard
Penalty Shots
Kyle MacLean, Austin Watson, Brett Berard, Ville Koivunen, Aleksanteri Kaskimaki

Scratches
Juuso Valimaki (Right Foot Injury), Jakub Stancl (Healthy), Ryan Tverberg (Healthy), Dylan Peterson (Healthy), Eetu Liukas (Healthy)
Matthew Maggio (Healthy), Lassi Thomson (Healthy), Jakub Skarek (Healthy), Sergei Murashov (Healthy)

% Time on Ice - Sarnia Sailors

Lines # - Real PCT - Wanted PCT - Time Play
Normal Forward
1 - 34% - 40% - 15:22
2 - 30% - 30% - 13:30
3 - 19% - 20% - 8:34
4 - 17% - 10% - 7:55
Normal Defense
1 - 39% - 40% - 17:52
2 - 32% - 30% - 14:19
3 - 25% - 20% - 11:22
4 - 4% - 10% - 1:48
PP Forward
1 - 57% - 60% - 2:16
2 - 43% - 40% - 1:42
PP Defense
1 - 57% - 60% - 2:15
2 - 43% - 40% - 1:43
PK Forward
1 - 80% - 60% - 7:56
2 - 20% - 40% - 2:00
PK Defense
1 - 52% - 60% - 5:11
2 - 48% - 40% - 4:45
PK3 Forward
1 - 0% - 60%
2 - 0% - 40%
PK3 Defense
1 - 0% - 60%
2 - 0% - 40%
44 Forward
1 - 0% - 60%
2 - 0% - 40%
44 Defense
1 - 0% - 60%
2 - 0% - 40%
Last Minute Offensive  - 0:55
Last Minute Defensive  - 0:00
Total
Forward - 60:10
Defense - 60:10

% Time on Ice - Toronto St Pats

Lines # - Real PCT - Wanted PCT - Time Play
Normal Forward
1 - 28% - 30% - 12:49
2 - 29% - 30% - 13:04
3 - 25% - 25% - 11:30
4 - 18% - 15% - 7:57
Normal Defense
1 - 30% - 30% - 13:42
2 - 31% - 30% - 14:09
3 - 28% - 25% - 12:51
4 - 10% - 15% - 4:38
PP Forward
1 - 51% - 50% - 5:03
2 - 49% - 50% - 4:53
PP Defense
1 - 47% - 50% - 4:43
2 - 53% - 50% - 5:13
PK Forward
1 - 55% - 50% - 2:12
2 - 45% - 50% - 1:46
PK Defense
1 - 55% - 50% - 2:10
2 - 45% - 50% - 1:48
PK3 Forward
1 - 0% - 50%
2 - 0% - 50%
PK3 Defense
1 - 0% - 50%
2 - 0% - 50%
44 Forward
1 - 0% - 50%
2 - 0% - 50%
44 Defense
1 - 0% - 50%
2 - 0% - 50%
Last Minute Offensive  - 0:00
Last Minute Defensive  - 0:56
Total
Forward - 60:10
Defense - 60:10

Play-by-Play

1st period


0:01 of 1st period - Kyle MacLean wins face-off versus Brad Lambert in neutral zone.
0:49 of 1st period - Snap shot by Logan Morrison.
0:49 of 1st period - Shot Misses the Net.
1:45 of 1st period - Wrist shot by Rory Kerins.
1:45 of 1st period - Shot Blocked by Elias Salomonsson.
1:47 of 1st period - Snap shot by Rory Kerins.
1:47 of 1st period - Goal by Rory Kerins - Sarnia Sailors : 1 - Toronto St Pats : 0.
1:48 of 1st period - Brad Lambert wins face-off versus Kyle MacLean in neutral zone.
1:53 of 1st period - Snap shot by Brad Lambert.
1:53 of 1st period - Stopped by Ben Kraws with a rebound.
1:55 of 1st period - Wrist shot by Nate Danielson.
1:55 of 1st period - Shot Blocked by Kyle MacLean.
1:57 of 1st period - Slapshot by Brad Lambert.
1:57 of 1st period - Shot Blocked by Ville Koivunen.
1:59 of 1st period - Wrist shot by Arthur Kaliyev.
1:59 of 1st period - Stopped by Ben Kraws without a rebound.
2:00 of 1st period - John Farinacci wins face-off versus Brad Lambert in Toronto St Pats zone.
2:05 of 1st period - Joni Jurmo is hit by Nate Danielson and loses puck.
2:12 of 1st period - Slapshot by Jonah Gadjovich.
2:12 of 1st period - Shot Misses the Net.
2:51 of 1st period - Tyson Hinds is hit by Jacob Moverare and loses puck.
3:06 of 1st period - Snap shot by Nathan Gaucher.
3:06 of 1st period - Shot Misses the Net.
3:08 of 1st period - Snap shot by Tyson Hinds.
3:08 of 1st period - Shot Misses the Net.
3:52 of 1st period - Snap shot by Ville Koivunen.
3:52 of 1st period - Goal by Ville Koivunen - Sarnia Sailors : 1 - Toronto St Pats : 1.
3:53 of 1st period - Brad Lambert wins face-off versus Aleksanteri Kaskimaki in neutral zone.
4:06 of 1st period - Slapshot by Arthur Kaliyev.
4:06 of 1st period - Stopped by Ben Kraws without a rebound.
4:07 of 1st period - Logan Morrison wins face-off versus Ville Koivunen in Toronto St Pats zone.
4:33 of 1st period - Jakub Dvorak is hit by Nate Danielson and loses puck.
4:58 of 1st period - Snap shot by Jesse Puljujarvi.
4:58 of 1st period - Shot Misses the Net.
5:00 of 1st period - Slapshot by Declan Chisholm.
5:00 of 1st period - Stopped by Ben Kraws without a rebound.
5:01 of 1st period - Rory Kerins wins face-off versus John Farinacci in Toronto St Pats zone.
5:08 of 1st period - Slapshot by Rory Kerins.
5:08 of 1st period - Shot Blocked by Scott Perunovich.
5:10 of 1st period - Snap shot by Rory Kerins.
5:10 of 1st period - Stopped by Ben Kraws without a rebound.
5:11 of 1st period - Kyle MacLean wins face-off versus Jesse Puljujarvi in Toronto St Pats zone.
5:13 of 1st period - Austin Watson and Rory Kerins fight to a draw.
5:13 of 1st period - Penalty to Austin Watson for Fighting.
5:13 of 1st period - Penalty to Rory Kerins for Fighting.
5:14 of 1st period - Kyle MacLean wins face-off versus Brad Lambert in neutral zone.
5:29 of 1st period - Wrist shot by Ville Koivunen.
5:29 of 1st period - Stopped by Sebastian Cossa with a rebound.
5:50 of 1st period - Aleksanteri Kaskimaki is hit by Jesse Puljujarvi and loses puck.
6:42 of 1st period - Wrist shot by Nate Danielson.
6:42 of 1st period - Shot Misses the Net.
6:44 of 1st period - Snap shot by Jeremie Poirier.
6:44 of 1st period - Stopped by Ben Kraws without a rebound.
6:45 of 1st period - Logan Morrison wins face-off versus Aleksanteri Kaskimaki in Toronto St Pats zone.
7:52 of 1st period - Wrist shot by Kyle MacLean.
7:52 of 1st period - Shot Blocked by Declan Chisholm.
8:14 of 1st period - Wrist shot by Jesse Puljujarvi.
8:14 of 1st period - Shot Misses the Net.
8:51 of 1st period - John Farinacci is hit by Nikolas Matinpalo and loses puck.
9:04 of 1st period - Snap shot by Bogdan Trineyev.
9:04 of 1st period - Shot Misses the Net.
10:19 of 1st period - Snap shot by Ville Koivunen.
10:19 of 1st period - Shot Misses the Net.
10:21 of 1st period - Slapshot by Jacob Moverare.
10:21 of 1st period - Deflect By Brad Lambert.
10:21 of 1st period - Stopped by Sebastian Cossa without a rebound.
10:22 of 1st period - Rory Kerins wins face-off versus Kyle MacLean in Sarnia Sailors zone.
10:31 of 1st period - Wrist shot by Jesse Puljujarvi.
10:31 of 1st period - Shot Misses the Net.
10:35 of 1st period - Wrist shot by Jesse Puljujarvi.
10:35 of 1st period - Shot Blocked by Kyle MacLean.
10:37 of 1st period - Snap shot by Rory Kerins.
10:37 of 1st period - Stopped by Ben Kraws with a rebound.
11:30 of 1st period - Snap shot by Arthur Kaliyev.
11:30 of 1st period - Goal by Arthur Kaliyev - Sarnia Sailors : 2 - Toronto St Pats : 1.
11:31 of 1st period - Kyle MacLean wins face-off versus Brad Lambert in neutral zone.
11:33 of 1st period - Minor Penalty to Austin Watson for Roughing.
11:34 of 1st period - Kyle MacLean wins face-off versus Brad Lambert in Toronto St Pats zone.
13:01 of 1st period - Brad Lambert is hit by Brendan Brisson and loses puck.
13:33 of 1st period - Penalty to Austin Watson is over, Austin Watson is back on ice.
13:40 of 1st period - Bogdan Trineyev is hit by Landon Slaggert and loses puck.
13:49 of 1st period - Jonah Gadjovich is hit by Landon Slaggert and loses puck.
14:00 of 1st period - Snap shot by Tristen Nielsen.
14:00 of 1st period - Shot Misses the Net.
14:08 of 1st period - Snap shot by Cole Reinhardt.
14:08 of 1st period - Shot Misses the Net.
14:30 of 1st period - Wrist shot by Brendan Brisson.
14:30 of 1st period - Stopped by Sebastian Cossa without a rebound.
14:31 of 1st period - Zachary L'Heureux wins face-off versus Kyle MacLean in Sarnia Sailors zone.
14:50 of 1st period - Snap shot by Cole Schwindt.
14:50 of 1st period - Stopped by Sebastian Cossa with a rebound.
14:52 of 1st period - Wrist shot by Cole Schwindt.
14:52 of 1st period - Deflect By Brett Berard.
14:52 of 1st period - Shot Misses the Net.
14:52 of 1st period - Puck is out of play.
14:53 of 1st period - Brad Lambert wins face-off versus Aleksanteri Kaskimaki in Sarnia Sailors zone.
15:02 of 1st period - Snap shot by Brad Lambert.
15:02 of 1st period - Stopped by Ben Kraws without a rebound.
15:03 of 1st period - Kyle MacLean wins face-off versus Brad Lambert in Toronto St Pats zone.
15:42 of 1st period - Nikolas Matinpalo is hit by Brett Berard and loses puck.
16:01 of 1st period - Snap shot by Jonah Gadjovich.
16:01 of 1st period - Shot Blocked by Declan Chisholm.
16:03 of 1st period - Wrist shot by Jonah Gadjovich.
16:03 of 1st period - Shot Blocked by Rory Kerins.
16:13 of 1st period - Rory Kerins is hit by Ty Mueller and loses puck.
16:29 of 1st period - Slapshot by Jesse Puljujarvi.
16:29 of 1st period - Stopped by Ben Kraws with a rebound.
16:48 of 1st period - Snap shot by Rory Kerins.
16:48 of 1st period - Deflect By Aleksanteri Kaskimaki.
16:48 of 1st period - Shot Blocked by Aleksanteri Kaskimaki.
16:48 of 1st period - Puck is out of play.
16:49 of 1st period - Skyler Brind'Amour wins face-off versus Aleksanteri Kaskimaki in Toronto St Pats zone.
16:52 of 1st period - Wrist shot by Logan Morrison.
16:52 of 1st period - Stopped by Ben Kraws without a rebound.
16:53 of 1st period - Aleksanteri Kaskimaki wins face-off versus Logan Morrison in Toronto St Pats zone.
16:53 of 1st period - Aleksanteri Kaskimaki is hit by Tyson Hinds.
16:58 of 1st period - Off-side.
16:59 of 1st period - Logan Morrison wins face-off versus Kyle MacLean in neutral zone.
17:01 of 1st period - Off-side.
17:02 of 1st period - Brad Lambert wins face-off versus Kyle MacLean in neutral zone.
17:13 of 1st period - Wrist shot by Kyle MacLean.
17:13 of 1st period - Goal by Kyle MacLean - Sarnia Sailors : 2 - Toronto St Pats : 2.
17:14 of 1st period - Brad Lambert wins face-off versus Kyle MacLean in neutral zone.
17:44 of 1st period - Snap shot by Austin Watson.
17:44 of 1st period - Stopped by Sebastian Cossa with a rebound.
17:46 of 1st period - Slapshot by Scott Perunovich.
17:46 of 1st period - Shot Blocked by Nikolas Matinpalo.
17:48 of 1st period - Slapshot by Jacob Moverare.
17:48 of 1st period - Stopped by Sebastian Cossa with a rebound.
17:50 of 1st period - Wrist shot by Kyle MacLean.
17:50 of 1st period - Stopped by Sebastian Cossa without a rebound.
17:51 of 1st period - Aleksanteri Kaskimaki wins face-off versus Brad Lambert in Sarnia Sailors zone.
17:52 of 1st period - Slapshot by Brett Berard.
17:52 of 1st period - Stopped by Sebastian Cossa with a rebound.
17:54 of 1st period - Snap shot by Cole Schwindt.
17:54 of 1st period - Shot Misses the Net.
17:56 of 1st period - Slapshot by Elias Salomonsson.
17:56 of 1st period - Stopped by Sebastian Cossa without a rebound.
17:57 of 1st period - Aleksanteri Kaskimaki wins face-off versus Brad Lambert in Sarnia Sailors zone.
18:03 of 1st period - Aleksanteri Kaskimaki and Nate Danielson fight to a draw.
18:03 of 1st period - Penalty to Aleksanteri Kaskimaki for Fighting.
18:03 of 1st period - Penalty to Nate Danielson for Fighting.
18:04 of 1st period - Brad Lambert wins face-off versus John Farinacci in Sarnia Sailors zone.
18:29 of 1st period - Nikolas Matinpalo is hit by Brendan Brisson and loses puck.
18:46 of 1st period - Wrist shot by Brad Lambert.
18:46 of 1st period - Shot Misses the Net.
18:48 of 1st period - Slapshot by Arthur Kaliyev.
18:48 of 1st period - Deflect By Ty Mueller.
18:48 of 1st period - Shot Misses the Net.
18:48 of 1st period - Puck is out of play.
18:49 of 1st period - John Farinacci wins face-off versus Rory Kerins in Toronto St Pats zone.
19:02 of 1st period - Snap shot by Zachary L'Heureux.
19:02 of 1st period - Stopped by Ben Kraws without a rebound.
19:03 of 1st period - John Farinacci wins face-off versus Rory Kerins in Toronto St Pats zone.
19:35 of 1st period - Slapshot by Declan Chisholm.
19:35 of 1st period - Stopped by Ben Kraws with a rebound.
19:41 of 1st period - Declan Chisholm is hit by Austin Watson and loses puck.
19:52 of 1st period - Declan Chisholm is hit by Jonah Gadjovich and loses puck.
Goals for this period are 2 for Sarnia Sailors vs 2 for Toronto St Pats.
Shots for this period are 14 for Sarnia Sailors vs 11 for Toronto St Pats.

2nd period


0:01 of 2nd period - Logan Morrison wins face-off versus John Farinacci in neutral zone.
0:04 of 2nd period - John Farinacci is hit by Brad Lambert and loses puck.
0:13 of 2nd period - Snap shot by Arthur Kaliyev.
0:13 of 2nd period - Stopped by Ben Kraws with a rebound.
0:31 of 2nd period - Icing by Jeremie Poirier.
0:32 of 2nd period - Rory Kerins wins face-off versus Austin Watson in Sarnia Sailors zone.
0:32 of 2nd period - Rory Kerins is hit by Ville Koivunen.
0:48 of 2nd period - Snap shot by Rory Kerins.
0:48 of 2nd period - Shot Misses the Net.
0:52 of 2nd period - Wrist shot by Jesse Puljujarvi.
0:52 of 2nd period - Stopped by Ben Kraws with a rebound.
0:57 of 2nd period - Minor Penalty to Austin Watson for Hooking.
0:58 of 2nd period - Brett Berard wins face-off versus Brad Lambert in Toronto St Pats zone.
1:24 of 2nd period - Ville Koivunen is hit by Rory Kerins and loses puck.
2:22 of 2nd period - Nikolas Matinpalo is hit by Jacob Moverare and loses puck.
2:57 of 2nd period - Penalty to Austin Watson is over, Austin Watson is back on ice.
3:15 of 2nd period - Slapshot by John Farinacci.
3:15 of 2nd period - Stopped by Sebastian Cossa with a rebound.
3:27 of 2nd period - Joni Jurmo is hit by Jeremie Poirier and loses puck.
4:11 of 2nd period - Snap shot by Brendan Brisson.
4:11 of 2nd period - Stopped by Sebastian Cossa with a rebound.
4:42 of 2nd period - Bogdan Trineyev is hit by Logan Morrison and loses puck.
4:53 of 2nd period - Ville Koivunen is hit by Tristen Nielsen and loses puck.
5:12 of 2nd period - Scott Perunovich is hit by Adam Ginning.
5:52 of 2nd period - Jonah Gadjovich is hit by Jeremie Poirier and loses puck.
6:24 of 2nd period - Snap shot by Landon Slaggert.
6:24 of 2nd period - Shot Blocked by Ty Mueller.
6:50 of 2nd period - Slapshot by Kyle MacLean.
6:50 of 2nd period - Stopped by Sebastian Cossa with a rebound.
6:52 of 2nd period - Slapshot by Austin Watson.
6:52 of 2nd period - Stopped by Sebastian Cossa with a rebound.
6:54 of 2nd period - Slapshot by Jakub Dvorak.
6:54 of 2nd period - Stopped by Sebastian Cossa with a rebound.
6:56 of 2nd period - Slapshot by Ville Koivunen.
6:56 of 2nd period - Shot Misses the Net.
6:58 of 2nd period - Slapshot by Joni Jurmo.
6:58 of 2nd period - Deflect By Jesse Puljujarvi.
6:58 of 2nd period - Stopped by Sebastian Cossa with a rebound.
7:08 of 2nd period - Rory Kerins is hit by Aleksanteri Kaskimaki and loses puck.
7:23 of 2nd period - Aleksanteri Kaskimaki is hit by Tyson Hinds and loses puck.
8:22 of 2nd period - Wrist shot by Nathan Gaucher.
8:22 of 2nd period - Stopped by Ben Kraws without a rebound.
8:23 of 2nd period - Brad Lambert wins face-off versus Ty Mueller in Toronto St Pats zone.
8:26 of 2nd period - Wrist shot by Arthur Kaliyev.
8:26 of 2nd period - Stopped by Ben Kraws without a rebound.
8:27 of 2nd period - Brad Lambert wins face-off versus Aleksanteri Kaskimaki in Toronto St Pats zone.
8:28 of 2nd period - Slapshot by Arthur Kaliyev.
8:28 of 2nd period - Stopped by Ben Kraws with a rebound.
9:26 of 2nd period - Snap shot by Jonah Gadjovich.
9:26 of 2nd period - Shot Blocked by Nathan Gaucher.
9:28 of 2nd period - Slapshot by Joni Jurmo.
9:28 of 2nd period - Shot Blocked by Declan Chisholm.
9:30 of 2nd period - Wrist shot by John Farinacci.
9:30 of 2nd period - Shot Misses the Net.
9:32 of 2nd period - Snap shot by Bogdan Trineyev.
9:32 of 2nd period - Stopped by Sebastian Cossa with a rebound.
9:34 of 2nd period - Slapshot by John Farinacci.
9:34 of 2nd period - Goal by John Farinacci - Sarnia Sailors : 2 - Toronto St Pats : 3.
9:35 of 2nd period - Aleksanteri Kaskimaki wins face-off versus Brad Lambert in neutral zone.
9:38 of 2nd period - Wrist shot by Brett Berard.
9:38 of 2nd period - Shot Misses the Net.
9:40 of 2nd period - Slapshot by Scott Perunovich.
9:40 of 2nd period - Shot Blocked by Nate Danielson.
9:42 of 2nd period - Wrist shot by Cole Schwindt.
9:42 of 2nd period - Stopped by Sebastian Cossa with a rebound.
9:44 of 2nd period - Wrist shot by Brett Berard.
9:44 of 2nd period - Stopped by Sebastian Cossa without a rebound.
9:45 of 2nd period - Aleksanteri Kaskimaki wins face-off versus Brad Lambert in Sarnia Sailors zone.
9:54 of 2nd period - Snap shot by Cole Schwindt.
9:54 of 2nd period - Shot Blocked by Brad Lambert.
9:56 of 2nd period - Backhand shot by Cole Schwindt.
9:56 of 2nd period - Shot Blocked by Declan Chisholm.
9:58 of 2nd period - Wrist shot by Cole Schwindt.
9:58 of 2nd period - Shot Misses the Net.
10:00 of 2nd period - Slapshot by Brett Berard.
10:00 of 2nd period - Shot Hit the Post.
10:02 of 2nd period - Wrist shot by Jacob Moverare.
10:02 of 2nd period - Stopped by Sebastian Cossa with a rebound.
10:04 of 2nd period - Slapshot by Scott Perunovich.
10:04 of 2nd period - Stopped by Sebastian Cossa without a rebound.
10:05 of 2nd period - Rory Kerins wins face-off versus Kyle MacLean in Sarnia Sailors zone.
10:12 of 2nd period - Slapshot by Ville Koivunen.
10:12 of 2nd period - Deflect By Austin Watson.
10:12 of 2nd period - Shot Misses the Net.
10:12 of 2nd period - Puck is out of play.
10:13 of 2nd period - Austin Watson wins face-off versus Rory Kerins in Sarnia Sailors zone.
10:18 of 2nd period - Snap shot by Austin Watson.
10:18 of 2nd period - Stopped by Sebastian Cossa with a rebound.
11:00 of 2nd period - Backhand shot by Brendan Brisson.
11:00 of 2nd period - Shot Misses the Net.
11:24 of 2nd period - Snap shot by Jesse Puljujarvi.
11:24 of 2nd period - Stopped by Ben Kraws without a rebound.
11:25 of 2nd period - Kyle MacLean wins face-off versus Rory Kerins in Toronto St Pats zone.
11:36 of 2nd period - Snap shot by Nikolas Matinpalo.
11:36 of 2nd period - Deflect By Rory Kerins.
11:36 of 2nd period - Shot Misses the Net.
11:36 of 2nd period - Puck is out of play.
11:37 of 2nd period - Kyle MacLean wins face-off versus Brad Lambert in Toronto St Pats zone.
11:45 of 2nd period - Snap shot by Jacob Moverare.
11:45 of 2nd period - Stopped by Sebastian Cossa with a rebound.
11:51 of 2nd period - Slapshot by Ville Koivunen.
11:51 of 2nd period - Deflect By Kyle MacLean.
11:51 of 2nd period - Stopped by Sebastian Cossa without a rebound.
11:52 of 2nd period - Aleksanteri Kaskimaki wins face-off versus Rory Kerins in Sarnia Sailors zone.
12:13 of 2nd period - Minor Penalty to Jesse Puljujarvi for Tripping.
12:14 of 2nd period - Rory Kerins wins face-off versus Kyle MacLean in Sarnia Sailors zone.
12:27 of 2nd period - Snap shot by Kyle MacLean.
12:27 of 2nd period - Shot Misses the Net.
12:29 of 2nd period - Wrist shot by Ville Koivunen.
12:29 of 2nd period - Stopped by Sebastian Cossa without a rebound.
12:30 of 2nd period - Rory Kerins wins face-off versus Aleksanteri Kaskimaki in Sarnia Sailors zone.
12:43 of 2nd period - Slapshot by Nikolas Matinpalo.
12:43 of 2nd period - Stopped by Ben Kraws with a rebound.
12:48 of 2nd period - Icing by Aleksanteri Kaskimaki.
12:49 of 2nd period - Rory Kerins wins face-off versus Aleksanteri Kaskimaki in Toronto St Pats zone.
13:00 of 2nd period - Snap shot by Aleksanteri Kaskimaki.
13:00 of 2nd period - Shot Misses the Net.
14:13 of 2nd period - Penalty to Jesse Puljujarvi is over, Jesse Puljujarvi is back on ice.
14:30 of 2nd period - Snap shot by Ty Mueller.
14:30 of 2nd period - Stopped by Sebastian Cossa without a rebound.
14:31 of 2nd period - Ty Mueller wins face-off versus Brad Lambert in Sarnia Sailors zone.
15:00 of 2nd period - Off-side.
15:01 of 2nd period - Kyle MacLean wins face-off versus Nathan Gaucher in neutral zone.
15:14 of 2nd period - Snap shot by Nathan Gaucher.
15:14 of 2nd period - Shot Blocked by Austin Watson.
15:28 of 2nd period - Nate Danielson is hit by Cole Schwindt and loses puck.
15:37 of 2nd period - Slapshot by Brett Berard.
15:37 of 2nd period - Stopped by Sebastian Cossa with a rebound.
15:43 of 2nd period - Double Minor Penalty to Tyson Hinds for Slashing.
15:44 of 2nd period - Rory Kerins wins face-off versus Kyle MacLean in Sarnia Sailors zone.
16:18 of 2nd period - Skyler Brind'Amour is hit by Jacob Moverare and loses puck.
19:43 of 2nd period - Penalty to Tyson Hinds is over, Tyson Hinds is back on ice.
19:46 of 2nd period - Zachary L'Heureux is hit by Ville Koivunen and loses puck.
19:55 of 2nd period - Wrist shot by Logan Morrison.
19:55 of 2nd period - Stopped by Ben Kraws with a rebound.
Goals for this period are 0 for Sarnia Sailors vs 1 for Toronto St Pats.
Shots for this period are 8 for Sarnia Sailors vs 18 for Toronto St Pats.

3rd period


0:01 of 3rd period - Brad Lambert wins face-off versus Aleksanteri Kaskimaki in neutral zone.
0:04 of 3rd period - Slapshot by Declan Chisholm.
0:04 of 3rd period - Deflect By Jacob Moverare.
0:04 of 3rd period - Stopped by Ben Kraws with a rebound.
0:27 of 3rd period - Austin Watson is hit by Jesse Puljujarvi and loses puck.
1:13 of 3rd period - Off-side.
1:14 of 3rd period - Nathan Gaucher wins face-off versus Aleksanteri Kaskimaki in neutral zone.
1:27 of 3rd period - Slapshot by Declan Chisholm.
1:27 of 3rd period - Stopped by Ben Kraws without a rebound.
1:28 of 3rd period - Kyle MacLean wins face-off versus Brad Lambert in Toronto St Pats zone.
1:48 of 3rd period - Icing by Kyle MacLean.
1:49 of 3rd period - Austin Watson wins face-off versus Rory Kerins in Toronto St Pats zone.
2:14 of 3rd period - Snap shot by Ville Koivunen.
2:14 of 3rd period - Shot Blocked by Arthur Kaliyev.
2:16 of 3rd period - Snap shot by Cole McWard.
2:16 of 3rd period - Shot Misses the Net.
2:18 of 3rd period - Snap shot by Cole McWard.
2:18 of 3rd period - Deflect By Adam Ginning.
2:18 of 3rd period - Stopped by Sebastian Cossa without a rebound.
2:19 of 3rd period - Brad Lambert wins face-off versus Aleksanteri Kaskimaki in Sarnia Sailors zone.
2:35 of 3rd period - Off-side.
2:36 of 3rd period - John Farinacci wins face-off versus Rory Kerins in neutral zone.
2:48 of 3rd period - Jonah Gadjovich and Zachary L'Heureux fight to a draw.
2:48 of 3rd period - Penalty to Jonah Gadjovich for Fighting.
2:48 of 3rd period - Penalty to Zachary L'Heureux for Fighting.
2:49 of 3rd period - Aleksanteri Kaskimaki wins face-off versus Brad Lambert in Toronto St Pats zone.
3:35 of 3rd period - Snap shot by Ville Koivunen.
3:35 of 3rd period - Shot Hit the Post.
3:37 of 3rd period - Wrist shot by Ville Koivunen.
3:37 of 3rd period - Shot Hit the Post.
4:28 of 3rd period - Slapshot by John Farinacci.
4:28 of 3rd period - Shot Misses the Net.
4:30 of 3rd period - Backhand shot by Jacob Moverare.
4:30 of 3rd period - Stopped by Sebastian Cossa with a rebound.
4:58 of 3rd period - Jack Rathbone is hit by Brett Berard and loses puck.
5:04 of 3rd period - Minor Penalty to Jeremie Poirier for Tripping.
5:05 of 3rd period - Aleksanteri Kaskimaki wins face-off versus Rory Kerins in Sarnia Sailors zone.
5:17 of 3rd period - Wrist shot by Scott Perunovich.
5:17 of 3rd period - Stopped by Sebastian Cossa without a rebound.
5:18 of 3rd period - Rory Kerins wins face-off versus Kyle MacLean in Sarnia Sailors zone.
5:29 of 3rd period - Wrist shot by Kyle MacLean.
5:29 of 3rd period - Stopped by Sebastian Cossa without a rebound.
5:30 of 3rd period - Rory Kerins wins face-off versus Aleksanteri Kaskimaki in Sarnia Sailors zone.
6:05 of 3rd period - Snap shot by Scott Perunovich.
6:05 of 3rd period - Stopped by Sebastian Cossa with a rebound.
6:59 of 3rd period - Cole Schwindt is hit by Logan Morrison and loses puck.
7:04 of 3rd period - Penalty to Jeremie Poirier is over, Jeremie Poirier is back on ice.
7:13 of 3rd period - Slapshot by Declan Chisholm.
7:13 of 3rd period - Shot Hit the Post.
7:37 of 3rd period - Ty Mueller is hit by Arthur Kaliyev and loses puck.
7:56 of 3rd period - Nathan Gaucher is hit by Kyle MacLean and loses puck.
8:13 of 3rd period - Slapshot by Adam Ginning.
8:13 of 3rd period - Shot Misses the Net.
8:49 of 3rd period - Jack Rathbone is hit by Kyle MacLean and loses puck.
9:00 of 3rd period - Jonah Gadjovich is hit by Cole Reinhardt.
9:14 of 3rd period - Arthur Kaliyev is hit by Jakub Dvorak and loses puck.
10:05 of 3rd period - Jeremie Poirier is hit by Brendan Brisson.
10:30 of 3rd period - John Farinacci is hit by Tristen Nielsen and loses puck.
10:54 of 3rd period - Wrist shot by Arthur Kaliyev.
10:54 of 3rd period - Shot Blocked by Cole McWard.
10:56 of 3rd period - Wrist shot by Nate Danielson.
10:56 of 3rd period - Stopped by Ben Kraws without a rebound.
10:57 of 3rd period - Kyle MacLean wins face-off versus Brad Lambert in Toronto St Pats zone.
11:09 of 3rd period - Brad Lambert is hit by Austin Watson and loses puck.
11:32 of 3rd period - Backhand shot by Brett Berard.
11:32 of 3rd period - Stopped by Sebastian Cossa with a rebound.
12:06 of 3rd period - Nico Myatovic is hit by Jack Rathbone and loses puck.
12:41 of 3rd period - Ville Koivunen is hit by Nathan Gaucher and loses puck.
12:56 of 3rd period - Jakub Dvorak is hit by Logan Morrison and loses puck.
13:17 of 3rd period - Wrist shot by Arthur Kaliyev.
13:17 of 3rd period - Shot Hit the Post.
13:19 of 3rd period - Snap shot by Adam Ginning.
13:19 of 3rd period - Shot Misses the Net.
14:21 of 3rd period - Slapshot by Jack Rathbone.
14:21 of 3rd period - Shot Misses the Net.
14:27 of 3rd period - Slapshot by Brett Berard.
14:27 of 3rd period - Stopped by Sebastian Cossa without a rebound.
14:28 of 3rd period - John Farinacci wins face-off versus Logan Morrison in Sarnia Sailors zone.
14:29 of 3rd period - Backhand shot by Jonah Gadjovich.
14:29 of 3rd period - Shot Misses the Net.
14:47 of 3rd period - Wrist shot by Logan Morrison.
14:47 of 3rd period - Stopped by Ben Kraws without a rebound.
14:48 of 3rd period - Aleksanteri Kaskimaki wins face-off versus Brad Lambert in Toronto St Pats zone.
15:03 of 3rd period - Wrist shot by Brad Lambert.
15:03 of 3rd period - Stopped by Ben Kraws with a rebound.
15:13 of 3rd period - Snap shot by Logan Morrison.
15:13 of 3rd period - Stopped by Ben Kraws without a rebound.
15:14 of 3rd period - Jonah Gadjovich wins face-off versus Landon Slaggert in Toronto St Pats zone.
15:14 of 3rd period - Jonah Gadjovich is hit by Landon Slaggert.
15:31 of 3rd period - Minor Penalty to Landon Slaggert for Roughing.
15:32 of 3rd period - Rory Kerins wins face-off versus Kyle MacLean in Sarnia Sailors zone.
15:42 of 3rd period - Nikolas Matinpalo is hit by Austin Watson and loses puck.
16:39 of 3rd period - Ville Koivunen is hit by Skyler Brind'Amour and loses puck.
17:23 of 3rd period - Skyler Brind'Amour is hit by Ville Koivunen and loses puck.
17:31 of 3rd period - Penalty to Landon Slaggert is over, Landon Slaggert is back on ice.
17:46 of 3rd period - Snap shot by Brendan Brisson.
17:46 of 3rd period - Shot Misses the Net.
17:48 of 3rd period - Slapshot by Ty Mueller.
17:48 of 3rd period - Stopped by Sebastian Cossa with a rebound.
17:50 of 3rd period - Slapshot by Jakub Dvorak.
17:50 of 3rd period - Shot Blocked by Jeremie Poirier.
17:52 of 3rd period - Snap shot by Brendan Brisson.
17:52 of 3rd period - Stopped by Sebastian Cossa with a rebound.
17:54 of 3rd period - Slapshot by Jakub Dvorak.
17:54 of 3rd period - Stopped by Sebastian Cossa with a rebound.
17:56 of 3rd period - Snap shot by Joni Jurmo.
17:56 of 3rd period - Shot Blocked by Arthur Kaliyev.
18:08 of 3rd period - Wrist shot by Zachary L'Heureux.
18:08 of 3rd period - Stopped by Ben Kraws with a rebound.
18:46 of 3rd period - Nikolas Matinpalo is hit by Jonah Gadjovich and loses puck.
18:59 of 3rd period - Austin Watson is hit by Nikolas Matinpalo and loses puck.
19:02 of 3rd period - Sarnia Sailors, Sebastian Cossa is pulled from the net.
19:04 of 3rd period - Wrist shot by Landon Slaggert.
19:04 of 3rd period - Shot Misses the Net.
19:06 of 3rd period - Snap shot by Arthur Kaliyev.
19:06 of 3rd period - Stopped by Ben Kraws with a rebound.
19:08 of 3rd period - Wrist shot by Landon Slaggert.
19:08 of 3rd period - Shot Blocked by Elias Salomonsson.
19:10 of 3rd period - Snap shot by Declan Chisholm.
19:10 of 3rd period - Stopped by Ben Kraws with a rebound.
19:16 of 3rd period - Wrist shot by Arthur Kaliyev.
19:16 of 3rd period - Stopped by Ben Kraws without a rebound.
19:17 of 3rd period - Joel Quenneville call a timeout for Sarnia Sailors.
19:17 of 3rd period - Brad Lambert wins face-off versus Kyle MacLean in Toronto St Pats zone.
19:32 of 3rd period - Snap shot by Brad Lambert.
19:32 of 3rd period - Shot Misses the Net.
19:34 of 3rd period - Snap shot by Declan Chisholm.
19:34 of 3rd period - Stopped by Ben Kraws without a rebound.
19:35 of 3rd period - Brad Lambert wins face-off versus Kyle MacLean in Toronto St Pats zone.
19:38 of 3rd period - Wrist shot by Landon Slaggert.
19:38 of 3rd period - Stopped by Ben Kraws with a rebound.
19:40 of 3rd period - Backhand shot by Declan Chisholm.
19:40 of 3rd period - Stopped by Ben Kraws with a rebound.
19:42 of 3rd period - Snap shot by Arthur Kaliyev.
19:42 of 3rd period - Stopped by Ben Kraws with a rebound.
19:44 of 3rd period - Snap shot by Landon Slaggert.
19:44 of 3rd period - Shot Misses the Net.
19:46 of 3rd period - Snap shot by Arthur Kaliyev.
19:46 of 3rd period - Goal by Arthur Kaliyev - Sarnia Sailors : 3 - Toronto St Pats : 3.
19:46 of 3rd period - Sebastian Cossa from Sarnia Sailors was sent back in the game.
19:47 of 3rd period - John Farinacci wins face-off versus Logan Morrison in neutral zone.
19:55 of 3rd period - Off-side.
19:56 of 3rd period - Logan Morrison wins face-off versus John Farinacci in neutral zone.
Goals for this period are 1 for Sarnia Sailors vs 0 for Toronto St Pats.
Shots for this period are 15 for Sarnia Sailors vs 10 for Toronto St Pats.

Overtime #1


0:01 of 1st overtime period - Kyle MacLean wins face-off versus Brad Lambert in neutral zone.
0:10 of 1st overtime period - Wrist shot by Kyle MacLean.
0:10 of 1st overtime period - Goal by Kyle MacLean - Sarnia Sailors : 3 - Toronto St Pats : 4.
Goals for this period are 0 for Sarnia Sailors vs 1 for Toronto St Pats.
Shots for this period are 0 for Sarnia Sailors vs 1 for Toronto St Pats.